 Dungeon Crawl Stone Soup version 0.25-a0-781-gc44aebf4fe (webtiles) character file.

Game seed: 11622775861591984737, levelgen mode: deterministic

718 MisterFreud the Changer (level 7, -5/47 HPs)
             Began as an Octopode Transmuter on Apr 15, 2020.
             Slain by Prince Ribbit (17 damage)
             ... on level 8 of the Dungeon.
             The game lasted 00:08:24 (4550 turns).

MisterFreud the Changer (Octopode Transmuter)       Turns: 4550, Time: 00:08:24

Health: -5/47      AC:  1    Str: 10    XL:     7   Next: 70%
Magic:  11/11      EV: 15    Int: 17    God:
Gold:   242        SH:  0    Dex: 12    Spells: 6/12 levels left

rFire    . . .     SeeInvis .     - Unarmed
rCold    . . .     Gourm    .   (no shield)
rNeg     . . .     Faith    +   (helmet restricted)
rPois    .         Spirit   .   v - amulet of faith
rElec    .         Reflect  .   l - ring of protection from magic
rCorr    .         Harm     .   (no ring)
MR       +....                  (no ring)
Stlth    ++........             (no ring)
HPRegen  0.15/turn              (no ring)
MPRegen  0.12/turn              (no ring)
                                (no ring)
                                (no ring)

@: very slightly contaminated
A: almost no armour, stealthy swim, amphibious, 8 rings, constrict 8, camouflage
1, gelatinous body 1
a: no special abilities


You were on level 8 of the Dungeon.
You were not hungry.

You visited 1 branch of the dungeon, and saw 6 of its levels.

You collected 242 gold pieces.

Inventory:

Missiles
 a - 27 arrows
 h - 180 stones (quivered)
 j - 5 boomerangs
 o - 12 poisoned darts
 u - 8 curare-tipped darts
 w - 22 bolts
Jewellery
 l - a ring of protection from magic (left tentacle)
 v - an amulet of faith (around mantle)
 y - an uncursed ring of ice
Wands
 r - a wand of random effects (15)
 s - a wand of enslavement (3)
Scrolls
 d - a scroll of noise
 i - a scroll of remove curse
 k - a scroll of blinking
Potions
 e - 2 potions of haste
 n - a potion of flight {unknown}
 p - 2 potions of stabbing {unknown}
 q - a potion of magic {unknown}
Comestibles
 c - 8 rations
 x - a chunk of flesh


   Skills:
 + Level 3.9 Fighting
 + Level 4.3 Dodging
 - Level 4.0 Unarmed Combat
 - Level 3.0 Spellcasting
 - Level 5.0 Transmutations


You had 6 spell levels left.
You knew the following spells:

 Your Spells              Type           Power        Failure   Level  Hunger
a - Beastly Appendage     Tmut           ###...       2%          1    None
b - Sticks to Snakes      Tmut           ###.....     3%          2    ##.....
c - Spider Form           Tmut/Pois      ##........   19%         3    ###....

Your spell library contained the following spells:

 Spells                   Type           Power        Failure   Level  Hunger
 Ice Form                 Ice/Tmut       ##......     52%         4    ####...
 Blade Hands              Tmut           ###.......   52%         5    ######.


Dungeon Overview and Level Annotations

Branches:
Dungeon (5/15)
 Temple: D:4-7

Altars:
Hepliaklqana
Kikubaaqudgha
Ru
Sif Muna
Xom
Yredelemnul

Annotations:
D:8 Prince Ribbit


Innate Abilities, Weirdness & Mutations

You cannot wear most types of armour.
You are very stealthy in the water. (Stealth+)
You are amphibious.
You can wear up to eight rings at the same time.
You can use your tentacles to constrict eight enemies at once.
Your skin changes colour to match your surroundings (Stealth+).
Your rubbery body absorbs attacks. (AC +1, EV +1)


Message History

The iceblast engulfs the killer bee!
The killer bee is almost dead.
The iceblast engulfs you!
* * * LOW HITPOINT WARNING * * *
x2 You feel sick.
The killer bee stings you.
* * * LOW HITPOINT WARNING * * *
You feel better. The killer bee barely misses you. x2
You closely miss the killer bee. You grab the killer bee.
Your squeeze misses the killer bee.
The killer bee is almost dead.
You constrict the killer bee.
You kill the killer bee!
Evoke which item? (* to show all) (? for menu, Esc to quit)
Aiming: Random Effects
Press: ? - help, Shift-Dir - straight line, f - Prince Ribbit
Aim: Prince Ribbit (purple smoke) Prince Ribbit flickers and vanishes!
Deactivating autopickup; reactivate with Ctrl-A.
Something hits you!
You die...

#.....yy##§##†#g##.#
.#......§.##§#g#
.......######{#.#
........# #.# #
........#####.#
#..#....##....#
####.>..##.####
#.....##.#####
####....@......##
#...............#
#.####...............
#.# ######..#..##...
#.# .....### #. #.#
####### #.# #. #.# #
#..


There were no monsters in sight!

Vanquished Creatures
  A wyvern (D:4)
  A phantom (D:4)
  4 killer bees (D:8)
  A crimson imp (D:5)
  Ijyb (D:4)
  2 iguanas
  2 worker ants (D:4)
  A howler monkey zombie (D:5)
  4 adders
  A howler monkey skeleton (D:4)
  2 oozes
  An adder skeleton (D:4)
  3 dart slugs
  2 worms
  6 leopard geckos
  A ball python (D:2)
  4 giant cockroaches
  2 gnoll zombies (D:4)
  7 goblins
  3 hobgoblins (D:3)
  2 quokkas
  6 bats
  2 frilled lizards
  5 kobolds
  3 rats
67 creatures vanquished.

Vanquished Creatures (collateral kills)
  An adder (D:4)
  2 bats
3 creatures vanquished.

Grand Total: 70 creatures vanquished

Notes
Turn   | Place    | Note
-------+----------+-------------------------------------------
     0 | D:1      | MisterFreud the Octopode Transmuter began the quest for the
                  | Orb.
     0 | D:1      | Reached XP level 1. HP: 13/13 MP: 3/3
    37 | D:1      | Reached XP level 2. HP: 8/18 MP: 3/5
   125 | D:1      | Learned a level 2 spell: Sticks to Snakes
   364 | D:1      | Reached skill level 3 in Transmutations
   488 | D:1      | Reached XP level 3. HP: 21/23 MP: 4/6
   761 | D:1      | Learned a level 3 spell: Spider Form
   768 | D:2      | Found a shimmering blue altar of Sif Muna.
   791 | D:2      | Found a faded altar of an unknown god.
  1216 | D:2      | Found a shimmering altar of Xom.
  1220 | D:2      | Reached XP level 4. HP: 26/28 MP: 8/8
  2477 | D:4      | Reached skill level 4 in Transmutations
  2879 | D:4      | Found a basalt altar of Yredelemnul.
  2922 | D:4      | Reached XP level 5. HP: 28/33 MP: 6/9
  2991 | D:4      | Noticed Ijyb
  3010 | D:4      | Killed Ijyb
  3306 | D:4      | Reached skill level 5 in Transmutations
  3431 | D:4      | Noticed a wyvern
  3455 | D:4      | Killed a wyvern
  3455 | D:4      | Reached XP level 6. HP: 10/40 MP: 6/10
  3716 | D:4      | Found a sacrificial altar of Ru.
  3721 | D:4      | Noticed a phantom
  3766 | D:4      | Killed a phantom
  3766 | D:4      | Reached XP level 7. HP: 16/45 MP: 8/11
  3923 | D:4      | Found a hazy altar of Hepliaklqana.
  4227 | D:5      | Entered Level 5 of the Dungeon
  4287 | D:5      | Found a shimmering altar of Xom.
  4288 | D:5      | Found a shimmering altar of Xom.
  4288 | D:5      | Found a shimmering altar of Xom.
  4288 | D:5      | Found a shimmering altar of Xom.
  4289 | D:5      | Found a shimmering altar of Xom.
  4289 | D:5      | Found a shimmering altar of Xom.
  4296 | D:5      | Found a shimmering altar of Xom.
  4415 | D:5      | Found an ancient bone altar of Kikubaaqudgha.
  4474 | D:5      | You fall into a shaft and drop 3 floors!
  4523 | D:8      | Noticed Prince Ribbit
  4538 | D:8      | HP: 2/47 [killer bee (5)]
  4550 | D:8      | Slain by Prince Ribbit

Levels and vault maps discovered:
D:1:      ncdulo_lavacross, layout_rooms, kennysheep_flooded_box,
          minmay_stone_trees_small
D:2:      layout_basic, lemuel_coloured_pillars_altar, old_standard_altar,
          chequers_ecumenical_altar_simple, first_ration
D:3:      layout_loops_ring
D:4:      layout_basic, kennysheep_little_box, nicolae_ru_sacrificial_ziggurat,
          lemuel_zombie_altar_yredelemnul, serial_rivers,
          chequers_serial_rivers_micro_c, chequers_serial_rivers_room_b,
          chequers_serial_rivers_large_a, chequers_serial_rivers_micro_b,
          uniq_ijyb
D:5:      layout_gridville, kiku_gazebo_garden_becter, xom_redecorated
D:8:      layout_cave_pools, kennysheep_mini, lemuel_round_altar,
          serial_co_window_serial, co_window_of_opportunity_a,
          co_window_corner_a, co_window_paths_b, co_window_of_opportunity_a,
          co_window_of_opportunity_a, co_window_of_opportunity_c,
          co_window_unsneaky_path_e, co_window_of_opportunity_c,
          co_window_broadway_b, co_window_4corner_a, glass_columns_b,
          glass_columns_c, uniq_prince_ribbit1

Skill      XL: |  1  2  3  4  5  6  7 |
---------------+----------------------+-----
Transmutations | 3 4 5 |  5.0
Spellcasting   | 3 |  3.0
Fighting       | 2 3 |  3.9
Dodging        | 3 4 |  4.3
Unarmed Combat | 4 |  4.0

Action                   |  1- 3 |  4- 6 |  7- 9 || total
-------------------------+-------+-------+-------++-------
Melee: Unarmed           |    69 |   116 |    35 ||   220
       Kick              |    11 |       |       ||    11
       Constrict         |    17 |    18 |     8 ||    43
       Tentacles         |     7 |    13 |     5 ||    25
 Cast: Beastly Appendage |    11 |       |       ||    11
       Sticks to Snakes  |     3 |     2 |       ||     5
       Spider Form       |     1 |     6 |     1 ||     8
 Abil: End Transformatio |     1 |     1 |       ||     2
Evoke: Wand              |       |       |     7 ||     7
  Use: Potion            |     2 |     1 |     3 ||     6
       Scroll            |     2 |       |     6 ||     8
 Stab: Sleeping          |     1 |     9 |       ||    10
  Eat: Chunk             |     1 |     9 |     3 ||    13
Armor: Skin              |    10 |     6 |     2 ||    18
Dodge: Dodged            |    61 |    77 |    40 ||   178

Table legend:
 A = Non-vault XP
 B = Vault XP
 C = Vault XP percentage of total XP
 D = Non-vault monster count
 E = Vault monster count
 F = Vault count percentage of total count
                 A         B        C        D         E       F
            +---------+---------+-------+---------+---------+-------
      Total |     986 |      40 |   3.9 |      67 |       3 |   4.3
            +---------+---------+-------+---------+---------+-------
        D:1 |      37 |       0 |   0.0 |      19 |       0 |   0.0
        D:2 |      46 |       0 |   0.0 |      10 |       0 |   0.0
        D:3 |      39 |       0 |   0.0 |      14 |       0 |   0.0
        D:4 |     504 |      40 |   7.4 |      13 |       3 |  18.8
        D:5 |     116 |       0 |   0.0 |       7 |       0 |   0.0
        D:8 |     244 |       0 |   0.0 |       4 |       0 |   0.0
            +---------+---------+-------+---------+---------+-------
